 Dungeon Crawl Stone Soup version 0.31-a0-523-g071a6c1ffa (webtiles) character file.

Game seed: 10193440510862737929

2380 chunkyMonkey the Shield-Bearer (level 9, 0/68 HPs)
             Began as a Mummy Fighter on Aug 11, 2023.
             Was a Follower of Cheibriados.
             Slain by a gnoll sergeant
             ... wielding the +6 trident of Honour {vamp, Fly}
              (3 damage)
             ... on level 8 of the Dungeon.
             The game lasted 00:16:26 (8045 turns).

chunkyMonkey the Shield-Bearer (Mummy Fighter)      Turns: 8045, Time: 00:16:27

Health: 0/68       AC: 13    Str: 32    XL:     9   Next: 22%
Magic:  16/16      EV:  4    Int:  9    God:    Cheibriados [*.....]
Gold:   414        SH:  0    Dex: 13    Spells: 12/17 levels left

rFire   . . .        z - +2 short sword (drain)
rCold   + + .        c - +0 buckler
rNeg    + + +        h - +0 plate armour
rPois   ∞            (no helmet)
rElec   +            j - +0 cloak
rCorr   +            (no gloves)
SInv    .            (no boots)
Will    +....        s - amulet of regeneration Stlth
                     e - +6 ring of strength
HPRegen 1.11/turn    (no ring)
MPRegen 0.15/turn

%: faith
@: about to teleport, resistant, held, very slow
A: cold resistance 1, negative energy resistance 3, torment resistance 2, heat
vulnerability 1, in touch with death 1, no potions, faith
a: Renounce Religion, Bend Time


You were on level 8 of the Dungeon.
You worshipped Cheibriados.
Cheibriados was aware of your devotion.
You visited 2 branches of the dungeon, and saw 9 of its levels.
You also visited: Sewer.

You collected 414 gold pieces.

Inventory:

Hand Weapons
 a - a +0 long sword
 p - a +1 dagger of venom
 z - a +2 short sword of draining (weapon)
Missiles
 q - 20 poisoned darts (quivered)
 v - a curare-tipped dart
Armour
 c - a +0 buckler (worn)
 h - a +0 plate armour (worn)
 j - a +0 cloak (worn)
 r - the +1 pair of boots "Pacwae Vaul" {*Corrode rElec Str+3}
   (You found it on level 6 of the Dungeon)

   Str+3:     It affects your strength (+3).
   rElec:     It insulates you from electricity.
   *Corrode:  It may corrode you when you take damage.
Magical Staves
 n - a staff of cold
Jewellery
 e - a +6 ring of strength (left hand)
 s - an amulet of regeneration (around neck)
 t - a ring of fire
Wands
 k - a wand of paralysis (3)
 o - a wand of polymorph (8)
 A - a wand of quicksilver (8)
Scrolls
 b - 4 scrolls of enchant armour
 d - 6 scrolls of teleportation
 f - 2 scrolls of fear
 g - 4 scrolls of identify
 i - a scroll of noise
 l - 4 scrolls of poison
 m - 2 scrolls of silence
 u - 3 scrolls of vulnerability
 w - a scroll of torment
 x - 3 scrolls of blinking
Miscellaneous
 y - a lightning rod (4/4)


   Skills:
 + Level 5.2 Fighting
 * Level 5.1 Long Blades
 * Level 5.4 Armour
 * Level 5.5 Shields
 + Level 4.6 Spellcasting
 + Level 3.3 Necromancy


You had 12 spell levels left.
You knew the following spells:

 Your Spells              Type           Power      Damage    Failure   Level
a - Agony                 Necr           12%        N/A       100%        5

Your spell library contained the following spells:

 Spells                   Type           Power      Damage    Failure   Level
 Sandblast                Erth           4%         2d4       94%         1
 Ensorcelled Hibernation  Hex/Ice        4%         N/A       98%         2
 Passwall                 Tmut/Erth      1%         N/A       98%         2
 Dazzling Flash           Conj/Hex       4%         N/A       100%        3
 Stone Arrow              Conj/Erth      4%         3d7       100%        3
 Anguish                  Hex/Necr       3%         N/A       100%        4
 Petrify                  Tmut/Erth      2%         N/A       100%        4
 Irradiate                Conj/Tmut      1%         3d12      100%        5
 Silence                  Hex/Air        1%         N/A       100%        5
 Sublimation of Blood     Necr           Unusable   N/A       N/A         2

Dungeon Overview and Level Annotations

Branches:
Dungeon (8/15)             Temple (1/1) D:4           Sewer (visited)
   Lair: D:8-11

Altars:
Ashenzari
Cheibriados
Dithmenos
Fedhas
Gozag
Hepliaklqana
Kikubaaqudgha
Makhleb
Nemelex Xobeh
Okawaru
Qazlal
Ru
Sif Muna
Trog
Uskayaw
Vehumet
Wu Jian
Xom
Yredelemnul

Annotations:
D:6 1 runed translucent door, Crazy Yiuf
D:8 1 transporter


Innate Abilities, Weirdness & Mutations

You are immune to poison.
Your flesh is cold resistant. (rC+)
You are immune to negative energy. (rN+++)
You are immune to unholy pain and torment.
You are vulnerable to heat. (rF-)
You are in touch with the powers of death.
You do not drink.
You have a special connection with the divine. (Faith)


Message History

The gnoll sergeant hits the plant with a +2 heavy spear!
The gnoll sergeant hits you with the +6 trident of Honour {vamp, Fly}.
The gnoll barely misses you.
The gnoll sergeant hits you from afar with a +1 trident of chaos!
* * * LOW HITPOINT WARNING * * *
The gnoll sergeant freezes you.
* * * LOW HITPOINT WARNING * * *
You hit the gnoll sergeant but do no damage.
A nearby plant withers and dies.
The gnoll sergeant hits you with the +6 trident of Honour {vamp, Fly}.
* * * LOW HITPOINT WARNING * * *
The gnoll hits you from afar with a +0 halberd of venom.
* * * LOW HITPOINT WARNING * * *
The gnoll sergeant hits you but does no damage.
The gnoll sergeant blocks your attack.
A nearby plant withers and dies.
You block the gnoll sergeant's attack. You block the gnoll's attack.
The gnoll sergeant barely misses you. The gnoll sergeant blocks your attack.
You block the gnoll sergeant's attack.
The gnoll sergeant completely misses you.
The gnoll barely misses you.
The gnoll sergeant hits you from afar with a +1 trident of chaos.
* * * LOW HITPOINT WARNING * * *
You resist with almost no effort. The gnoll sergeant blocks your attack.
The gnoll sergeant hits you from afar with a +2 heavy spear.
* * * LOW HITPOINT WARNING * * *
The gnoll sergeant barely misses you.
The gnoll throws a throwing net.
The throwing net hits you.
You become entangled in the net!
The gnoll sergeant hits you with the +6 trident of Honour {vamp, Fly}.
* * * LOW HITPOINT WARNING * * *
The gnoll hits you but does no damage.
As you read the scroll of teleportation, it crumbles to dust.
You feel strangely unstable. The gnoll hits you but does no damage.
The gnoll sergeant hits you from afar with a +1 trident of chaos.
* * * LOW HITPOINT WARNING * * *
Cheibriados protects you from inadvertent hurry.
The gnoll hits you from afar with a +0 halberd of venom.
* * * LOW HITPOINT WARNING * * *
The gnoll sergeant hits you with the +6 trident of Honour {vamp, Fly}.
You die...

...<....≈≈.#.. ©
........≈≈.##.#####.##!≈
............#.#8⌠8#.#..≈
...........§#g'.©.+g#©.~
.#..........#.#...#.#..≈
.#####..≈≈.##.##g##.##.≈
.# #..≈≈.#..#ggg#..#.≈
.# ##.≈≈.##.#⌠))#.##.≈
.# #.≈≈..#.#g@P#.#..≈ ..
#.≈≈###.##'##.###≈ #.
#.≈≈#... .g. g.. ≈ ##.
##.## .## .. ### .. ##
... ## ≈~≈ ≈~≈


You could see 3 gnoll sergeants and 3 gnolls.

Vanquished Creatures
  Menkaure (D:5)
  An orc warrior (D:7)
  3 ice beasts
  3 ogres
  3 centaurs
  2 kobold brigands
  2 bullfrogs
  3 scorpions (D:5)
  5 killer bees (D:8)
  2 orc priests
  4 hounds
  4 jellies
  2 sleepcaps
  An iguana (D:5)
  2 orc wizards (D:7)
  2 gnolls (D:8)
  18 adders
  A river rat (D:5)
  A white imp (D:6)
  An ufetubus (D:4)
  2 worms
  A dart slug (D:2)
  22 orcs
  6 endoplasms
  13 giant cockroaches
  4 goblins
  5 hobgoblins
  9 quokkas
  7 ball pythons
  12 bats
  12 frilled lizards
  12 kobolds
  11 rats
177 creatures vanquished.

Vanquished Creatures (others)
  A gnoll (D:8)
1 creature vanquished.

Grand Total: 178 creatures vanquished

Notes
Turn   | Place    | Note
-------+----------+-------------------------------------------
     0 | D:1      | chunkyMonkey the Mummy Fighter began the quest for the Orb.
     0 | D:1      | Reached XP level 1. HP: 18/18 MP: 1/1
   200 | D:1      | Reached XP level 2. HP: 24/24 MP: 2/2
   288 | D:1      | Found a faded altar of an unknown god.
   724 | D:2      | Gained mutation: You are in touch with the powers of death.
                  | [Mummy growth]
   724 | D:2      | Reached XP level 3. HP: 29/29 MP: 4/4
   775 | D:2      | Reached skill level 1 in Spellcasting
   920 | D:2      | Found a radiant altar of Vehumet.
  1012 | D:2      | Reached XP level 4. HP: 34/35 MP: 5/5
  1772 | D:3      | Reached XP level 5. HP: 21/41 MP: 7/7
  2290 | D:3      | Learned a level 5 spell: Agony
  2327 | D:4      | You fall into a shaft and drop 2 floors!
  2503 | D:6      | Reached XP level 6. HP: 42/47 MP: 9/9
  2677 | D:6      | Identified the +1 pair of boots "Pacwae Vaul" {*Corrode
                  | rElec Str+3}
  2858 | D:6      | Reached skill level 1 in Necromancy
  2972 | D:6      | Reached XP level 7. HP: 45/54 MP: 11/11
  3414 | D:5      | Entered Level 5 of the Dungeon
  3613 | D:5      | Reached XP level 8. HP: 54/61 MP: 11/13
  3839 | D:5      | Noticed Menkaure
  3848 | D:5      | Killed Menkaure
  3975 | D:5      | Found a glowing drain.
  3995 | Sewer    | Entered a sewer
  4078 | Sewer    | Reached skill level 5 in Shields
  4811 | D:5      | Reached skill level 5 in Armour
  5378 | D:6      | Found a runed translucent door.
  5379 | D:6      | Noticed Crazy Yiuf
  5777 | D:4      | Reached skill level 5 in Fighting
  5787 | D:4      | Found a staircase to the Ecumenical Temple.
  5797 | Temple   | Entered the Ecumenical Temple
  5868 | Temple   | Became a worshipper of Cheibriados the Contemplative
  7481 | D:7      | Reached XP level 9. HP: 62/68 MP: 15/15
  7701 | D:8      | Reached skill level 5 in Long Blades
  7760 | D:7      | Reached * piety under Cheibriados
  8012 | D:8      | Found a transporter.
  8022 | D:8      | Found a transporter.
  8022 | D:8      | Identified the +6 trident of Honour {vamp, Fly}
  8022 | D:8      | Identified the +6 scale mail of Okloug {Harm +Blink rPois
                  | Dex-2}
  8022 | D:8      | Identified the +4 kite shield of Ockim {rPois Str+2 Dex+2}
  8045 | D:8      | HP: 3/68 [gnoll/+0 halberd of venom (4)]
  8045 | D:8      | Slain by a gnoll sergeant

Illustrated notes

Levels and vault maps discovered:
D:1:      evilmike_arrival_crescent, layout_loops_cross,
          ebering_ecumenical_altar_sacrificial
D:2:      layout_rooms, basic_altar, serial_bayou_pond_c, st_stairs_5
D:3:      layout_rooms, tso_altar, roderic_batcave
D:4:      layout_basic, minmay_temple_entry_waves
D:5:      layout_loops_ring, gup_sewer_entry_bubbles, uniq_menkaure
D:6:      layout_basic, minmay_misc_feat_x, uniq_crazy_yiuf_cottage
D:7:      layout_cave_pods
D:8:      layout_rooms, gammafunk_ghost_gnarly_gnolls, serial_bayou_lagoon_a,
          jiyva_altar_1, uniq_jeremiah
Temple:   mainiacjoe_temple_archimedes_tessellation

Skill      XL: |  1  2  3  4  5  6  7  8  9 |
---------------+----------------------------+-----
Long Blades    | 2 3 4 5 |  5.1
Spellcasting   | 1 2 3 4 |  4.6
Shields        | 3 4 5 |  5.5
Armour         | 3 4 5 |  5.4
Necromancy     | 1 2 3 |  3.3
Fighting       | 4 5 |  5.2

Action                     |  1- 3 |  4- 6 |  7- 9 || total
---------------------------+-------+-------+-------++-------
  Melee: Long sword        |    28 |       |     5 ||    33
         Dagger            |    79 |   242 |   130 ||   451
         Short sword       |       |       |   483 ||   483
  Throw: Dart              |       |       |     5 ||     5
  Evoke: Wand              |       |     2 |     5 ||     7
    Use: Scroll            |     2 |     1 |     7 ||    10
   Stab: Paralysed         |       |     3 |     4 ||     7
 Armour: Scale mail        |    10 |       |       ||    10
         Plate armour      |    42 |   195 |   355 ||   592
  Dodge: Dodged            |    27 |    75 |   208 ||   310
  Block: Buckler           |    24 |    57 |   138 ||   219

Table legend: (Time is in decaauts)
 A = Elapsed time spent in this place.
 B = Non-inter-level travel time spent in this place.
 C = Inter-level travel time spent in this place.
 D = Time resting spent in this place.
 E = Time spent auto-exploring this place.
 F = Levels seen in this place.
 G = Mean time per level.
                   A        B        C        D        E       F      G
               +--------+--------+--------+--------+--------+-----+--------+
         Total |   8599 |   7975 |    624 |    995 |   4954 |  10 |  859.9 |
       Dungeon |   7920 |   7360 |    560 |    995 |   4620 |   8 |  990.0 |
        Temple |    111 |     48 |     63 |      0 |      0 |   1 |  111.0 |
         Sewer |    568 |    568 |      0 |      0 |    333 |   1 |  568.0 |
               +--------+--------+--------+--------+--------+-----+--------+

Top non-repeatable levels by time:
     D:6: 1878 daAuts
     D:7: 1437 daAuts
     D:4: 1129 daAuts
     D:5: 1075 daAuts
     D:3: 913 daAuts
     D:2: 702 daAuts
     D:1: 679 daAuts
   Sewer: 568 daAuts
  Temple: 111 daAuts
     D:8: 104 daAuts
